 Dungeon Crawl Stone Soup version 0.18-a0-1045-g4e042de (webtiles) character file.

277 M4edhros the Sneak (level 6, 0/38 HPs)
             Began as an Octopode Artificer on Jan 11, 2016.
             Killed from afar by an orc wizard (7 damage)
             ... with a magic dart
             ... on level 5 of the Dungeon.
             The game lasted 00:02:09 (1108 turns).

M4edhros the Sneak (Octopode Artificer)             Turns: 1108, Time: 00:02:09

Health: 0/38       AC:  1    Str: 10      XL:     6   Next: 26%
Magic:  9/9        EV: 13    Int: 16      God:
Gold:   41         SH:  0    Dex: 12 (13) Spells: 0 memorised, 5 levels left

rFire  . . .     SeeInvis +     a - +0 short sword
rCold  . . .     Gourm    .     (no shield)
rNeg   . . .     Faith    +     (helmet restricted)
rPois  .         Spirit   .     n - amulet of faith
rElec  .         Dismiss  .     i - ring of see invisible
rCorr  +         Reflect  .     m - ring of resist corrosion
SustAt .         Harm     .     (no ring)
MR     .....                    (no ring)
Stlth  ++++......               (no ring)
                                (no ring)
                                (no ring)
                                (no ring)

@: slowed, very slow, not resistant to hostile enchantments, stealthy
A: almost no armour, amphibious, 8 rings, constrict 8, camouflage 1, gelatinous
body 1
a: no special abilities


You were on level 5 of the Dungeon.
You were hungry.

You visited 1 branch of the dungeon, and saw 5 of its levels.

You collected 41 gold pieces.

Inventory:

Hand Weapons
 a - a +0 short sword (weapon)
Missiles
 h - 4 tomahawks (quivered)
 l - 38 stones
Jewellery
 i - a ring of see invisible (left tentacle)
 m - a ring of resist corrosion (right tentacle)
 n - an amulet of faith (around mantle)
Wands
 b - a wand of flame (12/48)
 c - a wand of enslavement (13/24)
 d - a wand of random effects (10/48)
Scrolls
 e - 4 scrolls of remove curse {unknown}
 g - a scroll of amnesia {unknown}
 j - 3 scrolls of recharging {unknown}
 o - a scroll of identify {unknown}
Comestibles
 f - 2 bread rations
 k - a meat ration


   Skills:
 - Level 1.0 Fighting
 - Level 1.0 Short Blades
 * Level 4.1 Dodging
 * Level 5.7 Stealth
 + Level 4.5 Evocations


You had 5 spell levels left.
You didn't know any spells.

Dungeon Overview and Level Annotations

Branches:
Dungeon (5/15)
 Temple: D:4-7

Altars:

Annotations:
D:4 Pikel


Innate Abilities, Weirdness & Mutations

You cannot wear most types of armour.
You are amphibious.
You can wear up to eight rings at the same time.
You can use your tentacles to constrict eight enemies at once.
Your skin changes colour to match your surroundings (Stealth).
Your rubbery body absorbs attacks (AC +1).


Message History

You constrict the orc priest. The orc wizard closely misses you.
The orc priest closely misses you.
The orc hits you with an enchanted mace.
The orc wizard gestures wildly while chanting.
The orc wizard seems to speed up.
You hit the orc priest but do no damage.
The orc priest is almost dead.
You constrict the orc priest.
You kill the orc priest!
The orc wizard hits you with a dagger.
The orc wizard points at you and mumbles some strange words.
The magic dart hits you!
The orc hits you with an enchanted mace!
* * * LOW HITPOINT WARNING * * *
The orc hits you.
* * * LOW HITPOINT WARNING * * *
Unknown command.
The orc wizard gestures at you while chanting.
The magic dart hits you!
You die...

#.....# #.....#
###.#[# #.#.#
#.#.#####(..
#†#<)....... .
#.#.######....
#####.#...........
##..(#@########....
+...)o.# . #...o###
#.... #.... #####


You could see an orc wizard and an orc.

Vanquished Creatures
  An ogre (D:5)
  A scorpion (D:4)
  A quasit (D:4)
  A centaur skeleton (D:4)
  A hound (D:4)
  An orc priest (D:5)
  2 adders (D:4)
  A giant eyeball (D:4)
  3 giant geckos
  An orc (D:5)
  A goblin (D:1)
  2 bats (D:1)
  A giant newt (D:1)
  3 rats
20 creatures vanquished.

Vanquished Creatures (collateral kills)
  An adder (D:2)
1 creature vanquished.

Grand Total: 21 creatures vanquished

Notes
Turn   | Place    | Note
--------------------------------------------------------------
     0 | D:1      | M4edhros the Octopode Artificer began the quest for the Orb.
     0 | D:1      | Reached XP level 1. HP: 13/13 MP: 3/3
   238 | D:1      | You fall through a shaft!
   252 | D:2      | Reached XP level 2. HP: 13/18 MP: 4/4
   372 | D:4      | Noticed Grinder
   376 | D:4      | Noticed Grinder
   376 | D:4      | Grinder changed into Grinder the quasit
   778 | D:4      | Noticed Sigmund
   782 | D:4      | Noticed Sigmund
   782 | D:4      | Sigmund changed into Sigmund the giant eyeball
   787 | D:4      | Killed Sigmund the giant eyeball
   857 | D:4      | Reached XP level 3. HP: 23/23 MP: 5/5
   863 | D:4      | Noticed a scorpion
   871 | D:4      | Killed a scorpion
   871 | D:4      | Reached skill level 4 in Stealth
   871 | D:4      | Reached XP level 4. HP: 28/28 MP: 5/7
   913 | D:4      | Reached XP level 5. HP: 18/33 MP: 8/8
   990 | D:4      | Killed Grinder the quasit
  1001 | D:4      | Noticed a slave
  1002 | D:4      | Noticed a slave
  1003 | D:4      | Noticed a slave
  1003 | D:4      | Noticed a slave
  1004 | D:4      | Noticed Pikel
  1019 | D:5      | Entered Level 5 of the Dungeon
  1019 | D:5      | Noticed an ogre
  1089 | D:5      | Killed an ogre
  1089 | D:5      | Reached skill level 5 in Stealth
  1089 | D:5      | Reached XP level 6. HP: 38/38 MP: 9/9
  1108 | D:5      | Killed from afar by an orc wizard

Vault maps used:
D:1:      minmay_arrival_solitary_statue
D:2:      overflow_temple_1_default
D:3:      minmay_misc_feat_room, minmay_crystal_room
D:4:      first_bread, serial_glass, glass_columns_a, glass_columns_b,
          uniq_sigmund, uniq_pikel, uniq_grinder
D:5:      temple_green, minivault_27

Action                   |  1- 3 |  4- 6 || total
-------------------------+-------+-------++-------
Melee: Short sword       |    26 |    23 ||    49
Evoke: Wand              |     7 |     3 ||    10
  Use: Potion            |     1 |       ||     1
 Stab: Sleeping          |     5 |     3 ||     8
